 Dungeon Crawl Stone Soup version 0.25-a0-663-gace7076 (webtiles) character file.

Game seed: 17927934847334154226, levelgen mode: deterministic

292 Faca the Skirmisher (level 6, -12/51 HPs)
             Began as a Human Fighter on Mar 25, 2020.
             Killed by nerve-wracking pain
             ... invoked by an orc priest
              (13 damage)
             ... on level 3 of the Dungeon.
             The game lasted 00:05:25 (3553 turns).

Faca the Skirmisher (Human Fighter)                 Turns: 3553, Time: 00:05:26

Health: -12/51     AC:  9    Str: 19    XL:     6   Next: 59%
Magic:  6/6        EV:  5    Int:  8    God:
Gold:   137        SH: 11    Dex: 12    Spells: 5/5 levels left

rFire    . . .     SeeInvis .   a - +0 long sword
rCold    . . .     Gourm    .   h - +2 kite shield
rNeg     . . .     Faith    .   i - +0 chain mail
rPois    .         Spirit   .   (no helmet)
rElec    .         Reflect  .   (no cloak)
rCorr    .         Harm     .   (no gloves)
MR       .....                  (no boots)
Stlth    ..........             (no amulet)
HPRegen  0.17/turn              (no ring)
MPRegen  0.10/turn              (no ring)

@: mighty
A: no striking features
a: no special abilities


You were on level 3 of the Dungeon.
You were not hungry.

You visited 1 branch of the dungeon, and saw 3 of its levels.

You collected 137 gold pieces.

Inventory:

Hand Weapons
 a - a +0 long sword (weapon)
Missiles
 e - 5 boomerangs (quivered)
Armour
 h - a +2 kite shield (worn)
 i - a +0 chain mail (worn)
Wands
 b - a wand of disintegration (12)
 m - a wand of iceblast (8)
Scrolls
 c - a scroll of fog
 g - a scroll of random uselessness {unknown}
 n - a scroll of enchant weapon {unknown}
 o - a scroll of remove curse
Potions
 j - 3 potions of heal wounds {unknown}
 k - 2 potions of berserk rage
 l - 2 potions of curing
Comestibles
 f - 7 rations
 p - 3 chunks of flesh


   Skills:
 + Level 5.3 Fighting
 + Level 4.7 Long Blades
 - Level 3.0 Armour
 - Level 3.0 Shields


You had 5 spell levels left.
You didn't know any spells.
Your spell library was empty.

Dungeon Overview and Level Annotations

Branches:
Dungeon (3/15)

Altars:
Makhleb
Qazlal


Message History

* * * LOW HITPOINT WARNING * * *
The orc priest hits you but does no damage.
You hit the orc priest but do no damage.
The orc closely misses you.
The orc priest invokes the aid of Beogh against you.
Pain shoots through your body!
* * * LOW HITPOINT WARNING * * *
Your shield and chain mail prevent you from hitting the orc priest.
You block the orc's attack.
The orc priest hits you but does no damage.
You hit the orc priest.
The orc priest is moderately wounded.
The orc hits you but does no damage.
The orc priest invokes the aid of Beogh against you.
Beogh smites you!
* * * LOW HITPOINT WARNING * * *
You block the orc's attack.
The orc priest invokes the aid of Beogh against you.
Pain shoots through your body!
You die...

... ...# ...##
##### .... #.oo#
...## #@##### ....
#..)..# ...######
#####(#
...)....### #.#
...####.#..
.#.#####.#
...........
........>#
(..####.#.#
########.#
........#.# #....#
#.#
...######.###.##.#
#.#


You could see an orc priest and an orc.

Vanquished Creatures
  2 orc wizards
  An orc priest (D:3)
  Natasha (thrice) (D:2)
  7 adders
  2 oozes
  A worm (D:2)
  A leopard gecko (D:1)
  9 orcs
  6 bats
  A giant cockroach (D:3)
  7 goblins
  3 hobgoblins
  4 jackals
  2 quokkas
  A ball python (D:1)
  5 frilled lizards
  9 kobolds
  A rat (D:1)
65 creatures vanquished.

Vanquished Creatures (others)
  An orc wizard (D:2)
  A leopard gecko (D:3)
  A jackal (D:3)
3 creatures vanquished.

Grand Total: 68 creatures vanquished

Notes
Turn   | Place    | Note
-------+----------+-------------------------------------------
     0 | D:1      | Faca the Human Fighter began the quest for the Orb.
     0 | D:1      | Reached XP level 1. HP: 18/18 MP: 1/1
    30 | D:1      | Reached XP level 2. HP: 6/24 MP: 2/2
  1056 | D:2      | Reached XP level 3. HP: 29/29 MP: 3/3
  1067 | D:2      | HP: 1/30 [something/puff of frost (3)]
  1358 | D:1      | Reached XP level 4. HP: 25/37 MP: 4/4
  1501 | D:1      | Reached skill level 4 in Fighting
  1652 | D:2      | Noticed Natasha
  1661 | D:2      | Killed Natasha
  1661 | D:2      | Reached XP level 5. HP: 23/43 MP: 5/5
  1995 | D:2      | Found a stormy altar of Qazlal.
  1996 | D:2      | Noticed a fire elemental
  1996 | D:2      | Noticed a water elemental
  1996 | D:2      | Noticed an air elemental
  2097 | D:2      | Noticed Natasha
  2115 | D:2      | Killed Natasha
  2373 | D:2      | Noticed Natasha
  2386 | D:2      | Killed Natasha
  2386 | D:2      | Reached XP level 6. HP: 35/50 MP: 6/6
  2739 | D:3      | Reached skill level 5 in Fighting
  3033 | D:3      | Found a burning altar of Makhleb.
  3553 | D:3      | HP: 1/51 [orc priest/divine providence (11)]
  3553 | D:3      | Killed from afar by an orc priest

Levels and vault maps discovered:
D:1:      wander_arrival_fairy_ring, layout_basic
D:2:      layout_basic, nicolae_qazlal_style_of_elements, uniq_natasha
D:3:      layout_basic, makhleb_altar_promises_db, first_ration

Skill      XL: |  1  2  3  4  5  6 |
---------------+-------------------+-----
Long Blades    | 3 4 |  4.7
Fighting       | 4 5 |  5.3
Armour         | |  3.0
Shields        | |  3.0

Action                   |  1- 3 |  4- 6 || total
-------------------------+-------+-------++-------
Melee: Long sword        |    69 |   216 ||   285
  Use: Scroll            |     4 |     3 ||     7
       Potion            |       |     2 ||     2
  Eat: Chunk             |       |     9 ||     9
Armor: Scale mail        |    38 |    15 ||    53
       Chain mail        |       |   125 ||   125
Dodge: Dodged            |    25 |    54 ||    79
Block: Kite shield       |    43 |   169 ||   212
       Rpst.: Long sword |     6 |    23 ||    29

Table legend:
 A = Non-vault XP
 B = Vault XP
 C = Vault XP percentage of total XP
 D = Non-vault monster count
 E = Vault monster count
 F = Vault count percentage of total count
                 A         B        C        D         E       F
            +---------+---------+-------+---------+---------+-------
      Total |     385 |      33 |   7.9 |      65 |       1 |   1.5
            +---------+---------+-------+---------+---------+-------
        D:1 |      77 |       0 |   0.0 |      17 |       0 |   0.0
        D:2 |     189 |      33 |  14.9 |      22 |       1 |   4.3
        D:3 |     119 |       0 |   0.0 |      26 |       0 |   0.0
            +---------+---------+-------+---------+---------+-------
